 Dungeon Crawl Stone Soup version 0.30.1-11-g7821555f0a (webtiles) character file.

Game seed: 3277105925801425400

18223 Gumption the Blocker (level 12, 0/126 HPs)
             Began as a Troll Fighter on Nov 13, 2023.
             Was a High Priest of Ashenzari.
             Slain by a boulder beetle (37 damage)
             ... on level 12 of the Dungeon.
             The game lasted 00:53:06 (9930 turns).

Gumption the Blocker (Troll Fighter)                Turns: 9930, Time: 00:53:06

Health: 0/126      AC: 13    Str: 31    XL:     12   Next: 25%
Magic:  0/11       EV: 17    Int:  4    God:    Ashenzari [*****.]
Gold:   303        SH: 11    Dex:  9    Spells: 11/11 levels left

rFire   . .          .
                       - Unarmed
rCold   . . .        b - +0 kite shield of Ashenzari's Mysticism {Elem, Evo} (curse)
rNeg    . . .        G - +0 acid dragon scales of the Mantic Anxiety {rCorr, Elem, Fort} (curse)
rPois   .            (helmet restricted)
rElec   .            w - +2 cloak of the Fated Repose {Bglg, Alch} (curse)
rCorr   +            (gloves unavailable)
SInv    +            (boots unavailable)
Will    +....        C - amulet "Gnostic Fanaticism" {Spirit, Melee, Cun} (curse)
Stlth   +            p - ring of Ashenzari's Stickiness {Will+, Fort, Evo} (curse)
HPRegen 1.21/turn    y - ring "Bound Together" {EV+5, Cun, Melee} (curse)
MPRegen 0.12/turn

%: clarity, guardian spirit
@: no status effects
A: large, unfitting armour, claws 3, regeneration 1, shaggy fur 1, tough skin 1
a: Renounce Religion, Shatter the Chains


You were on level 12 of the Dungeon.
You worshipped Ashenzari.
Ashenzari was extremely pleased with you.
You visited 1 branch of the dungeon, and saw 12 of its levels.
You also visited: Bailey.

You collected 705 gold pieces.
You spent 402 gold pieces at shops.

Inventory:

Missiles
 j - 66 stones
 k - 22 boomerangs (quivered)
 H - 7 poisoned darts
 K - 3 curare-tipped darts
Armour
 b - the cursed +0 kite shield of Ashenzari's Mysticism (worn) {Elem, Evo}

   It has a curse which improves the following skills: Elements: Fire Magic, Ice
   Magic, Air Magic and Earth Magic.
   Evocations: Evocations.
 w - the cursed +2 cloak of the Fated Repose (worn) {Bglg, Alch}
   (You found it on level 3 of the Dungeon)

   It has a curse which improves the following skills: Beguiling: Conjurations,
   Hexes and Translocations.
   Alchemy:   Poison Magic and Transmutations.
 F - +0 steam dragon scales
 G - the cursed +0 acid dragon scales of the Mantic Anxiety (worn) {rCorr, Elem, Fort}
   (You found it on level 9 of the Dungeon)

   rCorr:     It protects you from acid and corrosion.
   It has a curse which improves the following skills: Elements: Fire Magic, Ice
   Magic, Air Magic and Earth Magic.
   Fortitude: Armour and Shields.
 N - the +1 cloak of Cowardice {Will+}
   (You bought it in a shop on level 5 of the Dungeon)

   Will:      It increases your willpower.
Jewellery
 a - a ring of resist corrosion
 m - a ring of see invisible
 p - the cursed ring of Ashenzari's Stickiness (left claw) {Will+, Fort, Evo}
   (You found it on level 4 of the Dungeon)

   [ring of willpower]

   Will:      It increases your willpower.
   It has a curse which improves the following skills: Fortitude: Armour and
   Shields.
   Evocations: Evocations.
 s - a ring of magical power
 y - the cursed ring "Bound Together" (right claw) {EV+5, Cun, Melee}
   (You found it on level 3 of the Dungeon)

   [ring of evasion]

   EV:        It affects your evasion (+5).
   It has a curse which improves the following skills: Cunning: Dodging and
   Stealth.
   Melee Combat: Short Blades, Long Blades, Axes, Maces & Flails, Polearms,
   Staves and Unarmed Combat.
 C - the cursed amulet "Gnostic Fanaticism" (around neck) {Spirit, Melee, Cun}
   (You found it on level 5 of the Dungeon)

   [amulet of guardian spirit]

   It causes incoming damage to be divided between your reserves of health and
   magic.
   It has a curse which improves the following skills: Melee Combat: Short
   Blades, Long Blades, Axes, Maces & Flails, Polearms, Staves and Unarmed
   Combat.
   Cunning:   Dodging and Stealth.
 I - a ring of positive energy
Wands
 o - a wand of mindburst (16)
 J - a wand of flame (14)
 O - a wand of roots (6)
Scrolls
 e - 2 scrolls of enchant armour
 h - a scroll of fog
 q - 2 scrolls of poison
 r - a scroll of immolation
 v - a scroll of brand weapon
 x - 4 scrolls of teleportation
 A - 6 scrolls of enchant weapon
 B - 2 scrolls of amnesia
 D - 2 scrolls of summoning
 M - a scroll of magic mapping
Potions
 c - 3 potions of might
 d - 3 potions of heal wounds
 f - 3 potions of brilliance
 g - 10 potions of mutation
 i - 4 potions of ambrosia
 l - 9 potions of curing
 n - 4 potions of magic
 t - 2 potions of invisibility
 u - 6 potions of haste
 z - 2 potions of flight
 E - a potion of berserk rage
 L - a potion of cancellation


   Skills:
 * Level 9.7 Fighting
 * Level 4.2(7.1) Armour
 + Level 8.5(11.7) Dodging
 - Level 10.2(13.4) Shields
 + Level 9.8(13.0) Unarmed Combat


You had 11 spell levels left.
You didn't know any spells.
Your spell library contained the following spells:

 Spells                   Type           Power      Damage    Failure   Level
 Sandblast                Erth           0%         2d4       63%         1
 Shock                    Conj/Air       0%         1d3       63%         1
 Magic Dart               Conj           0%         1d3       65%         1
 Ensorcelled Hibernation  Hex/Ice        0%         N/A       77%         2
 Passwall                 Tmut/Erth      0%         N/A       77%         2
 Searing Ray              Conj           0%         2d4       78%         2
 Cigotuvi's Dreadful Rot  Necr/Pois/Air  0%         N/A       80%         2
 Inner Flame              Hex/Fire       0%         N/A       94%         3
 Stone Arrow              Conj/Erth      0%         3d7       94%         3
 Swiftness                Air            0%         N/A       94%         3
 Airstrike                Air            0%         2d(0-16)  100%        4
 Dispel Undead            Necr           0%         3d6       100%        4
 Flame Wave               Conj/Fire      0%         2d4       100%        4
 Fulminant Prism          Conj/Hex       0%         3d5       100%        4
 Sticky Flame             Conj/Fire      0%         2d3       100%        4
 Death Channel            Necr           0%         N/A       100%        6


Dungeon Overview and Level Annotations

Branches:
Dungeon (12/15)            Temple (0/1) D:6            Lair (0/5) D:9
 Bailey (visited)
    Orc: D:9-12

Altars:
Ashenzari
Cheibriados
Elyvilon
Fedhas
Makhleb
Nemelex Xobeh
Okawaru
Ru
Sif Muna
Trog
Uskayaw
Vehumet
Xom
The Shining One

Shops:
D:1 ?   D:4 *   D:5 *

Annotations:
D:5 exclusion: oklob plant
D:8 3 runed translucent doors, Madon's ghost, novice FoFi
D:10 1 runed translucent door, HourglassMan's ghost, journeyman DrFE


Innate Abilities, Weirdness & Mutations

You are too large for most types of armour.
You have claws for hands.
Your natural rate of healing is unusually fast.
You are covered in fur. (AC +1)
You have tough skin. (AC +1)


Message History

The boulder beetle leaps!
You claw the large slime creature!
The large slime creature is lightly wounded.
The large slime creature hits you.
You scratch the large slime creature.
The large slime creature is lightly wounded.
The large slime creature hits you!!
You barely miss the large slime creature.
The large slime creature is lightly wounded.
You block the large slime creature's attack.
You claw the large slime creature!
The large slime creature is moderately wounded.
The large slime creature misses you.
You mangle the large slime creature!!
The large slime creature is heavily wounded.
You hear the thunderous beating of a distant drum.
You claw the large slime creature!
The large slime creature is severely wounded.
You block the large slime creature's attack.
You barely miss the large slime creature.
The large slime creature is severely wounded.
The large slime creature hits you but does no damage.
You scratch the large slime creature but do no damage.
The large slime creature is severely wounded.
You block the large slime creature's attack.
You scratch the large slime creature.
The large slime creature is severely wounded.
The large slime creature hits you!!
You claw the large slime creature!
The large slime creature is severely wounded.
You mangle the large slime creature!!
The large slime creature is almost dead.
The large slime creature hits you!!
* * * LOW HITPOINT WARNING * * *
The boulder beetle curls into a ball and begins rolling!
You claw the large slime creature!
You kill the large slime creature!
Your life force feels restored.
The boulder beetle hits you!!!
You die...

* ** , , * ######### , . ,,
#.......#
,,....########.......######
*,,,........@B°'......)'...?.
*,, ....########.......######
, ,. , * #.......# ,,,
######### *, ,, * * ,* ** ,*
* *


You could see a boulder beetle (rolling).

Vanquished Creatures
  Josephine (D:12)
  A centaur warrior (D:11)
  A two-headed ogre (D:12)
  A manticore (D:11)
  A cyclops (D:11)
  2 centaur zombies (D:11)
  2 gargoyles
  An unseen horror (D:10)
  A komodo dragon (D:12)
  2 trolls (D:11)
  A meliai zombie (D:11)
  2 slime creatures (D:12)
  Sigmund (D:5)
  2 shadows
  8 wraiths
  4 vampires (D:11)
  2 wyverns (D:9)
  16 yaks
  3 steam dragons (D:8)
  4 vampire mosquitoes (D:10)
  Menkaure (D:5)
  3 acid dragons (D:9)
  A black bear (D:9)
  2 ice beasts
  10 orc warriors
  9 centaurs
  3 phantoms
  A kobold brigand (D:6)
  A gnoll sergeant (D:11)
  3 bullfrogs
  4 scorpions
  17 killer bees
  3 howler monkeys
  A crimson imp (D:4)
  3 hounds
  A jelly (D:4)
  5 orc priests
  3 gnoll boudas
  5 iguanas
  A boggart zombie (D:11)
  3 orc wizards
  22 gnolls
  4 adders
  4 shadow imps
  2 white imps
  An ufetubus (D:4)
  A worm (D:3)
  3 dart slugs
  46 orcs
  9 ball pythons
  8 endoplasms
  2 giant cockroaches
  5 goblins
  5 hobgoblins
  9 jackals
  5 quokkas
  2 bats
  2 frilled lizards (D:1)
  A goblin skeleton (D:4)
  4 goblin zombies (D:4)
  4 hobgoblin zombies (D:4)
  16 kobolds
  2 kobold zombies (D:4)
  An orc skeleton (D:4)
  An orc zombie (D:4)
  4 rats
299 creatures vanquished.

Notes
Turn   | Place    | Note
-------+----------+-------------------------------------------
     0 | D:1      | Gumption the Troll Fighter began the quest for the Orb.
     0 | D:1      | Reached XP level 1. HP: 22/22 MP: 0/0
   147 | D:1      | Reached XP level 2. HP: 29/29 MP: 1/1
   549 | D:1      | Reached skill level 3 in Shields
   765 | D:1      | Found Qarchurph's Magic Scroll Shoppe.
   980 | D:2      | Reached XP level 3. HP: 34/36 MP: 2/2
  1758 | D:3      | Reached XP level 4. HP: 32/45 MP: 3/3
  1874 | D:3      | Found a radiant altar of Vehumet.
  1914 | D:3      | Reached XP level 5. HP: 53/53 MP: 4/4
  2030 | D:3      | Found a faded altar of an unknown god.
  2034 | D:3      | Found a snail-covered altar of Cheibriados.
  2041 | D:3      | Prayed at the altar of an unknown god.
  2041 | D:3      | Became a worshipper of Ashenzari the Shackled
  2261 | D:4      | Reached skill level 4 in Shields
  2331 | D:4      | Found a shimmering blue altar of Sif Muna.
  2449 | D:4      | Reached XP level 6. HP: 26/62 MP: 5/5
  2588 | D:4      | Found Bang's Assorted Antiques.
  2594 | D:4      | Bought a scroll labelled DUNNIA OFUGISU for 33 gold pieces
  2594 | D:4      | Bought a scroll labelled ELASEF KEYMP for 33 gold pieces
  2594 | D:4      | Bought a scroll labelled JETEXZ SATO for 33 gold pieces
  2668 | D:1      | Bought a scroll of identify for 22 gold pieces
  2668 | D:1      | Bought a scroll of identify for 22 gold pieces
  2668 | D:1      | Bought a scroll of identify for 22 gold pieces
  2822 | D:4      | Found a glowing golden altar of the Shining One.
  3169 | D:4      | Reached * piety under Ashenzari
  3190 | D:5      | Entered Level 5 of the Dungeon
  3215 | D:5      | Found a broken altar of Ashenzari.
  3217 | D:5      | Found an iron altar of Okawaru.
  3244 | D:5      | Found a burning altar of Makhleb.
  3413 | D:5      | Noticed Menkaure
  3415 | D:5      | Found Oriolaxu's Assorted Antiques.
  3419 | D:5      | Killed Menkaure
  3420 | D:5      | Reached XP level 7. HP: 27/71 MP: 6/6
  3517 | D:5      | Reached skill level 5 in Shields
  3548 | D:5      | Noticed Sigmund
  3572 | D:5      | Killed Sigmund
  3573 | D:5      | Reached skill level 5 in Fighting
  3666 | D:5      | Found a bloodstained altar of Trog.
  3666 | D:5      | Identified the Folio of Retrieval
  3672 | D:5      | Reached ** piety under Ashenzari
  3758 | D:5      | Found a blossoming altar of Fedhas.
  3780 | D:5      | Noticed an oklob plant
  4132 | D:6      | Found a staircase to the Ecumenical Temple.
  4162 | D:6      | Reached XP level 8. HP: 80/80 MP: 7/7
  4452 | D:6      | Found a sacrificial altar of Ru.
  4489 | D:6      | Reached *** piety under Ashenzari
  4792 | D:7      | Reached skill level 6 in Shields
  5101 | D:7      | Reached **** piety under Ashenzari
  5561 | D:8      | Reached skill level 5 in Unarmed Combat
  5592 | D:8      | Found a flagged portal.
  5611 | Bailey   | Entered a bailey
  5634 | Bailey   | Reached XP level 9. HP: 88/89 MP: 6/8
  5749 | Bailey   | Reached skill level 10 in Shields
  5749 | Bailey   | Reached XP level 10. HP: 100/100 MP: 9/9
  5971 | D:8      | Found a shimmering altar of Xom.
  5971 | D:8      | Found a shimmering altar of Xom.
  5971 | D:8      | Found a shimmering altar of Xom.
  5971 | D:8      | Found a shimmering altar of Xom.
  5972 | D:8      | Found a shimmering altar of Xom.
  5974 | D:8      | Found a shimmering altar of Xom.
  6036 | D:8      | Reached ***** piety under Ashenzari
  6098 | D:8      | Found a runed translucent gate.
  6098 | D:8      | Found a runed translucent gate.
  6114 | D:8      | Found a runed translucent gate.
  6187 | D:8      | Noticed Madon's ghost (novice FoFi)
  6423 | D:8      | Found a white marble altar of Elyvilon.
  6666 | D:9      | Found a sparkling altar of Nemelex Xobeh.
  6756 | D:9      | Found a hide-covered altar of Uskayaw.
  7023 | D:9      | Reached XP level 11. HP: 30/110 MP: 3/10
  7146 | D:9      | Found a staircase to the Lair.
  7270 | D:10     | Entered Level 10 of the Dungeon
  7881 | D:10     | Found a runed translucent door.
  7882 | D:10     | Found a shimmering altar of Xom.
  7882 | D:10     | Noticed HourglassMan's ghost (journeyman DrFE)
  7882 | D:10     | Noticed a +0 rapier of chaos
  8289 | D:5      | Bought a faintly humming cloak for 237 gold pieces
  8289 | D:5      | Identified the +1 cloak of Cowardice {Will+} (You bought it
                  | in a shop on level 5 of the Dungeon)
  8615 | D:11     | Reached skill level 1 in Armour
  8978 | D:11     | Noticed an entropy weaver
  8978 | D:11     | Noticed a rakshasa
  8980 | D:11     | Noticed a centaur warrior
  8982 | D:11     | Noticed a cyan ugly thing
  8982 | D:11     | Noticed a centaur warrior
  8983 | D:11     | Identified the +9 rapier of Gallantry {venom, rF+}
  8983 | D:11     | Noticed a centaur warrior
  9027 | D:11     | Noticed a fire crab
  9230 | D:11     | Noticed an ettin
  9317 | D:11     | Noticed a centaur warrior
  9334 | D:11     | Killed a centaur warrior
  9605 | D:11     | Reached XP level 12. HP: 123/123 MP: 11/11
  9680 | D:11     | Noticed a ghost moth
  9748 | D:12     | Noticed a two-headed ogre
  9753 | D:12     | Killed a two-headed ogre
  9805 | D:12     | Noticed Josephine
  9819 | D:12     | Killed Josephine
  9904 | D:12     | Noticed a boulder beetle
  9930 | D:12     | Slain by a boulder beetle

Illustrated notes

Levels and vault maps discovered:
D:1:      wander_arrival_fairy_ring, layout_basic, serial_shops,
          nicolae_shop_rolled_up
D:2:      layout_loops_ring, minmay_cut_off
D:3:      layout_rooms, mainiacjoe_overflow_chevrons,
          nicolae_overflow_ecumenical_swirl, cheibrodos_gnoll_hut
D:4:      layout_rooms, nicolae_tso_besieged_by_evil,
          mainiacjoe_overflow_24_doors, serial_shops, shop
D:5:      layout_basic, tgw_fedhas, grunt_temple_overflow_open, trog_book,
          serial_shops, nicolae_shop_pleasant_corner_grove, serial_glass,
          glass_columns_c, glass_columns_c, glass_columns_c, glass_columns_b,
          glass_columns_c, glass_columns_a, uniq_menkaure, uniq_sigmund
D:6:      layout_loops_cross, mainiacjoe_overflow_boulevard,
          minmay_temple_entry_tees, serial_rivers, chequers_serial_rivers_marsh,
          chequers_serial_rivers_marsh, chequers_serial_rivers_micro_b,
          chequers_serial_rivers_room_b
D:7:      layout_basic
D:8:      layout_basic, mainiacjoe_overflow_alcove_4, xom_shifter_show,
          biasface_ghost_orc_armoury, serial_glass, glass_columns_b,
          glass_columns_c, glass_columns_c, glass_columns_a, glass_columns_a,
          glass_columns_a, glass_columns_b, glass_columns_b, glass_columns_b,
          glass_columns_a, due_unseen_surprise, enter_bailey_6
D:9:      layout_small_grid, lemuel_round_altar, mainiacjoe_overflow_alcove_2,
          grunt_lair_entry_orc_guard_hut, minmay_misc_feat_tower
D:10:     layout_loops_ring, ebering_ghost_xom
D:11:     layout_loops_corners, serial_undead, serial_undead_a, serial_undead_e,
          serial_undead_e, serial_undead_f, hangedman_glass_teeth, minivault_12
D:12:     layout_basic, david_orc_4, gauntlet_entry_generic, serial_glass,
          glass_columns_b, glass_columns_b, uniq_josephine

Skill      XL: |  1  2  3  4  5  6  7  8  9 10 11 12 |
---------------+-------------------------------------+-----
Shields        | 3 4 5 6 10 | 10.2
Fighting       | 3 4 5 6 7 9 |  9.7
Dodging        | 3 4 6 7 8 |  8.5
Unarmed Combat | 3 4 5 7 8 9 |  9.8
Armour         | 3 4 |  4.2

Action                     |  1- 3 |  4- 6 |  7- 9 | 10-12 || total
---------------------------+-------+-------+-------+-------++-------
  Melee: Unarmed           |   133 |   152 |   213 |   489 ||   987
  Throw: Boomerang         |       |       |       |     1 ||     1
 Invoke: Curse Item        |       |     2 |     3 |     2 ||     7
         Shatter the Chain |       |       |       |     1 ||     1
    Use: Scroll            |       |    10 |     1 |     2 ||    13
         Potion            |       |       |     1 |     1 ||     2
 Armour: Robe              |    30 |    21 |    29 |    34 ||   114
         Acid dragon scale |       |       |       |    65 ||    65
  Dodge: Dodged            |    29 |    57 |   155 |   345 ||   586
  Block: Kite shield       |    43 |    51 |   116 |   315 ||   525
